 Dungeon Crawl Stone Soup version 0.29-a0-304-gb34f9e1 (webtiles) character file.

Game seed: 10872410347769186277

275 Think the Cutter (level 6, -6/43 HPs)
             Began as an Octopode Fighter on Mar 25, 2022.
             Was a Priest of Jiyva.
             Mangled by a wight
             ... wielding a +0 great sword
              (15 damage)
             ... on level 3 of the Dungeon.
             The game lasted 00:09:54 (2289 turns).

Think the Cutter (Octopode Fighter)                 Turns: 2289, Time: 00:09:55

Health: -6/43      AC:  1    Str: 18      XL:     6   Next: 24%
Magic:  6/6        EV: 13    Int: 10      God:    Jiyva [***...]
Gold:   22         SH:  4    Dex: 10 (11) Spells: 5/5 levels left

rFire   . . .      SeeInvis .   a - +0 rapier
rCold   . . .      Faith    .   b - +0 buckler
rNeg    . . .      Spirit   .   (helmet restricted)
rPois   .          Reflect  .   (no amulet)
rElec   .          Harm     .   (no ring)
rCorr   +          Rampage  .   (no ring)
Will    .....                   (no ring)
Stlth   +++.......              (no ring)
HPRegen 1.26/turn               (no ring)
MPRegen 0.45/turn               (no ring)
                                (no ring)
                                (no ring)

@: mighty
A: almost no armour, amphibious, 8 rings, camouflage 1, gelatinous body 1,
(nimble swimmer 1), tentacles
a: Renounce Religion, Oozemancy


You were on level 3 of the Dungeon.
You worshipped Jiyva.
Jiyva was most pleased with you.
You visited 1 branch of the dungeon, and saw 4 of its levels.

You collected 22 gold pieces.

Inventory:

Hand Weapons
 a - a +0 rapier (weapon)
Armour
 b - a +0 buckler (worn)
Scrolls
 d - a scroll of immolation {unknown}
 h - a scroll of teleportation
 i - a scroll of identify {unknown}
 j - a scroll of blinking {unknown}
Potions
 e - a potion of magic {unknown}


   Skills:
 + Level 3.7 Fighting
 * Level 4.6 Short Blades
 + Level 3.7 Dodging
 - Level 2.0 Stealth
 + Level 3.8 Shields


You had 5 spell levels left.
You didn't know any spells.
Your spell library was empty.

Dungeon Overview and Level Annotations

Branches:
Dungeon (4/15)
 Temple: D:4-7

Altars:
Jiyva

Annotations:
D:2 1 runed translucent door, Crazy Yiuf


Innate Abilities, Weirdness & Mutations

You cannot wear most types of armour.
You are amphibious.
You can wear up to eight rings at the same time.
Your skin changes colour to match your surroundings (Stealth+).
Your rubbery body absorbs attacks. (AC +1, EV +1)
((You are camouflaged when in or above water. (Stealth+)))
You have tentacles for arms and can constrict up to eight enemies at once.


Message History

You feel very mighty all of a sudden.
You constrict the wight. The wight misses you.
You hit the wight but do no damage. You squeeze the wight.
You destroy the wight!
You feel your intelligence returning.
You have reached level 6!
You climb downwards.
The wight hits you with a +0 great sword!
There is a stone staircase leading up here.
You hit the wight. You grab the wight. You squeeze the wight!
You destroy the wight!
The dart slug launches a dart at you. The slug dart hits you.
You feel your dexterity returning.
Your life force feels restored.
The wight barely misses you. The dart slug launches a dart at you.
The slug dart misses you.
Things that are here:
a +0 falchion; a +0 robe You hit the wight.
You grab the wight.
The wight is lightly damaged.
You constrict the wight, but do no damage.
The wight hits you with a +0 great sword!
* * * LOW HITPOINT WARNING * * *
Okay, then.
Okay, then.
Activating: Oozemancy (30% risk of failure)
Press: ? - help, Dir - look around, f - activate A stone staircase leading up.
Okay, then.
You release your grip on the wight.
There is a stone staircase leading up here.
You hear a distant slurping noise.
The wight closely misses you.
You climb upwards.
There is a stone staircase leading down here.
Okay, then.
The wight attacks as you move away!
The wight hits you with a +0 great sword!
You die...

######.†..# #.###
##...'....##########.#
##.###....#..........#
##.###....#..........#
##'.......#..........#
....##.##.........JJ.#
....#...#.##.##...>..#
..........#...#..z...#
....#...J.....J.@....#
....##..#.....#......#
........###..##.######
...##..###......#
...#....J#..##.##
.............#.#
##.#...#.......#
#.##.##.#...#.#
#.......##.##.#


You could see a wight, 2 neutral jellies (fellow slime) and a neutral endoplasm
(wandering) (fellow slime).

Vanquished Creatures
  2 wights
  An orc priest (D:3)
  Natasha (twice) (D:2)
  An orc wizard (D:2)
  3 adders
  A worm (D:2)
  2 dart slugs (D:2)
  3 orcs
  4 bats
  3 giant cockroaches (D:2)
  3 goblins (D:2)
  5 hobgoblins
  3 quokkas
  4 ball pythons
  4 frilled lizards
  A rat (D:3)
42 creatures vanquished.

Vanquished Creatures (others)
  5 jellies (D:3)
  Natasha (D:2)
  3 adders (D:3)
  A dart slug (D:3)
  An endoplasm (D:3)
  2 orcs (D:3)
  A ball python (D:3)
  A bat (D:3)
  A giant cockroach (D:3)
  3 hobgoblins (D:3)
  A kobold (D:3)
  A rat (D:2)
21 creatures vanquished.

Grand Total: 63 creatures vanquished

Notes
Turn   | Place    | Note
-------+----------+-------------------------------------------
     0 | D:1      | Think the Octopode Fighter began the quest for the Orb.
     0 | D:1      | Reached XP level 1. HP: 16/16 MP: 1/1
   249 | D:2      | Reached XP level 2. HP: 20/21 MP: 2/2
   269 | D:2      | Found a faded altar of an unknown god.
   374 | D:2      | Prayed at the altar of an unknown god.
   374 | D:2      | Became a worshipper of Jiyva Juvismol the Shapeless
   374 | D:2      | Reached * piety under Jiyva
   384 | D:2      | Reached skill level 3 in Short Blades
   494 | D:2      | Reached XP level 3. HP: 26/26 MP: 3/3
   760 | D:2      | Reached skill level 1 in Stealth
   811 | D:2      | Reached ** piety under Jiyva
   934 | D:2      | Found a runed translucent door.
   935 | D:2      | Noticed Crazy Yiuf
   987 | D:2      | Noticed Natasha
  1018 | D:2      | Killed Natasha
  1019 | D:2      | Reached XP level 4. HP: 23/31 MP: 4/4
  1078 | D:2      | Noticed Natasha
  1087 | D:2      | Killed Natasha
  1121 | D:2      | Killed Natasha
  1228 | D:2      | Reached XP level 5. HP: 5/36 MP: 5/5
  1324 | D:3      | Reached skill level 4 in Short Blades
  1485 | D:3      | Noticed a sky beast
  1877 | D:3      | Reached *** piety under Jiyva
  2279 | D:3      | Reached XP level 6. HP: 23/40 MP: 6/6
  2283 | D:4      | HP: 2/43 [wight/+0 great sword (15)]
  2289 | D:3      | Mangled by a wight

Illustrated notes

Levels and vault maps discovered:
D:1:      dpeg_arrival_central, layout_basic, serial_shops,
          nicolae_diamond_shop, shop, nicolae_square_shop
D:2:      layout_basic, hellmonk_ecumenical_altar_crossroads,
          minmay_three_crescents, uniq_crazy_yiuf_cottage, uniq_natasha
D:3:      layout_basic, roderic_nine_men_s_morris,
          hangedman_decor_clover_reticule
D:4:      layout_loops_ring, kennysheep_boxes

Skill      XL: |  1  2  3  4  5 |
---------------+----------------+-----
Short Blades   | 3 4 |  4.6
Stealth        | 1 2 |  2.0
Fighting       | |  3.7
Dodging        | |  3.7
Shields        | |  3.8

Action                   |  1- 3 |  4- 6 || total
-------------------------+-------+-------++-------
Melee: Rapier            |    45 |    40 ||    85
       Constrict         |     9 |    16 ||    25
       Tentacles         |    13 |    13 ||    26
       Punch             |     1 |     1 ||     2
  Use: Potion            |       |     5 ||     5
       Scroll            |       |     2 ||     2
 Stab: Sleeping          |     5 |     4 ||     9
Armor: Skin              |     6 |       ||     6
Dodge: Dodged            |    19 |    38 ||    57
Block: Buckler           |     8 |     5 ||    13

Table legend: (Time is in decaauts)
 A = Elapsed time spent in this place.
 B = Non-inter-level travel time spent in this place.
 C = Inter-level travel time spent in this place.
 D = Time resting spent in this place.
 E = Time spent auto-exploring this place.
 F = Levels seen in this place.
 G = Mean time per level.
                   A        B        C        D        E       F      G
               +--------+--------+--------+--------+--------+-----+--------+
         Total |   2297 |   2145 |    152 |     54 |   1773 |   4 |  574.2 |
       Dungeon |   2297 |   2145 |    152 |     54 |   1773 |   4 |  574.2 |
               +--------+--------+--------+--------+--------+-----+--------+

Top non-repeatable levels by time:
     D:2: 1089 daAuts
     D:3: 1019 daAuts
     D:1: 174 daAuts
     D:4: 13 daAuts
